 Dungeon Crawl Stone Soup version 0.32-a0-460-gc8eefc9 (webtiles) character file.

Game seed: 9462493534720446865

258 Nithhogg the Chopper (level 5, -2/45 HPs)
             Began as a Mountain Dwarf Fighter on Feb 23, 2024.
             Slain by an ogre
             ... wielding a +0 giant club
              (14 damage)
             ... on level 4 of the Dungeon.
             The game lasted 00:05:12 (3206 turns).

Nithhogg the Chopper (Mountain Dwarf Fighter)       Turns: 3206, Time: 00:05:13

Health: -2/45      AC:  7    Str: 20    XL:     5   Next: 94%
Magic:  5/5        EV:  9    Int:  9    God:
Gold:   207        SH:  4    Dex:  9    Spells: 4/4 levels left

rFire   + . .        a - +0 war axe
rCold   + . .        c - +0 buckler
rNeg    . . .        b - +1 scale mail
rPois   .            (no helmet)
rElec   .            (no cloak)
rCorr   .            (no gloves)
SInv    .            (no boots)
Will    .....        (no amulet) Stlth
                     (no ring)
HPRegen 0.27/turn    (no ring)
MPRegen 0.09/turn

%: no passive effects
@: no status effects
A: runic magic, artefact enchanting, hooves 1, cold resistance 1, fire
resistance 1
a: no special abilities


You were on level 4 of the Dungeon.
You visited 1 branch of the dungeon, and saw 5 of its levels.

You collected 207 gold pieces.

Inventory:

Hand Weapons
 a - a +0 war axe (weapon)
Armour
 b - a +1 scale mail (worn)
 c - a +0 buckler (worn)
Jewellery
 o - a ring of ice
Wands
 d - a wand of flame (7)
 g - a wand of iceblast (1)
Scrolls
 e - 2 scrolls of identify
 f - 2 scrolls of immolation
Potions
 j - a potion of ambrosia
 k - a potion of haste


   Skills:
 - Level 3.2 Fighting
 + Level 7.6 Axes
 - Level 3.2 Armour
 - Level 3.2 Shields


You had 4 spell levels left.
You didn't know any spells.
Your spell library contained the following spells:

 Spells                   Type           Power      Damage    Failure   Level
 Lesser Beckoning         Tloc           0%         N/A       69%         2
 Gell's Gravitas          Tloc           0%         N/A       89%         3
 Teleport Other           Tloc           0%         N/A       89%         3


Dungeon Overview and Level Annotations

Branches:
Dungeon (5/15)
 Temple: D:4-7

Altars:

Annotations:
D:5 Sigmund


Innate Abilities, Weirdness & Mutations

Your spellcasting is much less encumbered by armour.
You can use scrolls of enchantment on lesser artefacts.
You have large cloven feet.
Your flesh is cold resistant. (rC+)
Your flesh is heat resistant. (rF+)


Message History

It was a potion of haste.
You feel yourself speed up. The orc hits you but does no damage.
The orc priest hits you with a +0 flail.
* * * LOW HITPOINT WARNING * * *
It was a potion of curing.
You feel better. Sigmund hits you but does no damage.
The orc barely misses you. You block the orc priest's attack.
The orc attacks as it pursues you! You block the orc's attack.
Found 7 gold pieces.
There is a stone staircase leading up here.
There are monsters nearby!
The orc priest looks braver for a moment.
You fly upwards.
The ogre closely misses you.
There is a stone staircase leading down here.
The goblin shouts!
The goblin shoots a sling bullet.
The sling bullet barely misses you.
The goblin shoots a sling bullet.
The sling bullet barely misses you.
The goblin shoots a sling bullet.
The sling bullet hits you.
* * * LOW HITPOINT WARNING * * *
You hit the goblin.
You kill the goblin!
Things that are here:
a +0 sling; a +0 war axe
Found 5 gold pieces.
The ogre shouts!
You are starting to lose your buoyancy.
Your extra speed is starting to run out.
A hound comes into view.
The hound barks!
You see here a +0 leather armour.
You feel yourself slow down. You block the hound's attack. The hound bites you.
* * * LOW HITPOINT WARNING * * *
You see here a +0 leather armour.
The hound closely misses you.
You float gracefully downwards.
Your enlightenment fades.
The hound barely misses you. The hound bites you but does no damage.
The ogre hits you with a +0 giant club!
You die...

..# #.# #.# #
#.# . #.# .#
#.##########.#
#.....O@O....#
#<.....[h....# .
#.#######.###...
# #....O....# .
# #.#######.# ≈#
#.# ##..
≈≈########.#
....
≈≈≈#.O..)..#
#.#.#
#≈≈~######.# .#
#


You could see 2 ogres and a hound.

Vanquished Creatures
  A bullfrog (D:3)
  2 hounds (D:5)
  Ijyb (D:3)
  3 adders
  2 dart slugs
  6 orcs
  8 bats
  8 endoplasms
  10 goblins
  4 hobgoblins
  3 jackals (D:2)
  7 kobolds
  3 quokkas
  3 ball pythons (D:1)
  2 frilled lizards
  6 rats
69 creatures vanquished.

Notes
Turn   | Place    | Note
-------+----------+-------------------------------------------
     0 | D:1      | Nithhogg the Mountain Dwarf Fighter began the quest for the
                  | Orb.
     0 | D:1      | Reached XP level 1. HP: 19/19 MP: 1/1
    24 | D:1      | Reached skill level 3 in Axes
   100 | D:1      | Reached XP level 2. HP: 20/26 MP: 2/2
   378 | D:1      | Reached skill level 4 in Axes
   594 | D:1      | Reached XP level 3. HP: 27/31 MP: 3/3
  1562 | D:2      | Reached skill level 5 in Axes
  2067 | D:3      | Reached XP level 4. HP: 38/38 MP: 4/4
  2271 | D:3      | Noticed a bullfrog
  2289 | D:3      | Killed a bullfrog
  2290 | D:3      | Reached skill level 6 in Axes
  2290 | D:3      | Reached XP level 5. HP: 11/45 MP: 5/5
  2492 | D:3      | Noticed Ijyb
  2495 | D:3      | Gained mutation: Your flesh is cold resistant. (rC+)
                  | [potion of mutation]
  2495 | D:3      | Gained mutation: You have large cloven feet. [potion of
                  | mutation]
  2495 | D:3      | Gained mutation: Your flesh is heat resistant. (rF+)
                  | [potion of mutation]
  2500 | D:3      | Killed Ijyb
  2859 | D:4      | Noticed an ogre
  2892 | D:4      | Noticed an ogre
  2977 | D:4      | Reached skill level 7 in Axes
  3049 | D:5      | Entered Level 5 of the Dungeon
  3146 | D:5      | Noticed Sigmund
  3157 | D:5      | HP: 1/45 [orc priest/+0 flail (6)]
  3206 | D:4      | Slain by an ogre

Illustrated notes

Levels and vault maps discovered:
D:1:      lightli_arrival_chessboard, layout_basic
D:2:      layout_loops_ring, roderic_serpentine_path, dk_noncrumbling_3,
          grunt_ministairs_15
D:3:      layout_rooms, uniq_ijyb
D:4:      layout_loops_ring, kennysheep_opposing_triangles,
          uniq_crazy_yiuf_cottage
D:5:      layout_cave_pools, mainiacjoe_overflow_two_lobes,
          ebering_ghost_sewer_d, uniq_sigmund

Skill      XL: |  1  2  3  4  5 |
---------------+----------------+-----
Axes           | 3 4 5 6 7 |  7.6
Fighting       | |  3.2
Armour         | |  3.2
Shields        | |  3.2

Action                     |  1- 3 |  4- 6 || total
---------------------------+-------+-------++-------
  Melee: War axe           |   148 |    75 ||   223
         Kick              |       |     6 ||     6
    Use: Potion            |       |     6 ||     6
         Scroll            |       |     7 ||     7
 Armour: Scale mail        |   122 |    85 ||   207
  Dodge: Dodged            |    81 |    53 ||   134
  Block: Buckler           |    36 |    26 ||    62

Table legend: (Time is in decaauts)
 A = Elapsed time spent in this place.
 B = Non-inter-level travel time spent in this place.
 C = Inter-level travel time spent in this place.
 D = Time resting spent in this place.
 E = Time spent auto-exploring this place.
 F = Levels seen in this place.
 G = Mean time per level.
                   A        B        C        D        E       F      G
               +--------+--------+--------+--------+--------+-----+--------+
         Total |   3256 |   3131 |    125 |     56 |   2459 |   5 |  651.2 |
       Dungeon |   3256 |   3131 |    125 |     56 |   2459 |   5 |  651.2 |
               +--------+--------+--------+--------+--------+-----+--------+

Top non-repeatable levels by time:
     D:1: 1144 daAuts
     D:2: 952 daAuts
     D:3: 803 daAuts
     D:4: 233 daAuts
     D:5: 122 daAuts
